 Dungeon Crawl Stone Soup version 0.20-a0-270-g8e735b6 (webtiles) character file.

8559 KristoblXynda the Grappler (level 11, -3/123 HPs)
             Began as a Yellow Draconian Monk on Dec 8, 2016.
             Was a Priest of Vehumet.
             Slain by a death yak (6 damage)
             ... on level 11 of the Dungeon on Dec 9, 2016.
             The game lasted 00:27:50 (11448 turns).

KristoblXynda the Grappler (Yellow Draconian Monk) Turns: 11448, Time: 00:27:51

Health: -3/123     AC: 25    Str: 22    XL:     11   Next: 11%
Magic:  0/17       EV:  2    Int: 12    God:    Vehumet [***...]
Gold:   416        SH:  7    Dex: 11    Spells: 12/18 levels left

rFire  . . .     SeeInvis .     H - -3 war axe (curse)
rCold  . . .     Gourm    .     (armour unavailable)
rNeg   + + +     Faith    .     o - +1 buckler
rPois  +         Spirit   +     (helmet currently unavailable)
rElec  .         Reflect  .     (cloak currently unavailable)
rCorr  .         Harm     .     (gloves currently unavailable)
MR     .....     Rnd*Rage +     (boots currently unavailable)
Stlth  ++........ NoTele   +    G - amulet of guardian spirit
                                y - +3 ring of strength
                                i - ring of positive energy

@: mighty, tree-form
A: (spit acid), (acid resistance), unfitting armour, (horns 0), (stinger 0),
berserk 1, clumsy 1, deterioration 1, dopey 1, wild magic 1, (cold-blooded), AC
+7
a: Renounce Religion


You were on level 11 of the Dungeon.
You worshipped Vehumet.
Vehumet was most pleased with you.
You were very hungry.
You were a tree.
You visited 2 branches of the dungeon, and saw 12 of its levels.

You collected 746 gold pieces.
You spent 330 gold pieces at shops.

Inventory:

Hand Weapons
 H - a cursed -3 war axe (weapon)
Armour
 g - a +0 cloak (melded)
 n - a +0 shield
 o - a +1 buckler (worn)
 s - a +1 pair of gloves (melded)
 D - a +1 pair of boots (melded)
Jewellery
 i - a ring of positive energy (left branch)
 j - an uncursed ring of see invisible
 y - a +3 ring of strength (right branch)
 G - an amulet of guardian spirit (around neck)
Wands
 b - a wand of digging (6/24)
 r - a wand of paralysis (5/24)
 x - a wand of confusion (29/48)
 C - a wand of flame (34/48)
Scrolls
 e - 2 scrolls of immolation
 k - a scroll of amnesia
 w - 2 scrolls of holy word
 J - a scroll of identify
Potions
 h - 9 potions of curing
 q - 3 potions of flight
 v - a potion of invisibility
 z - a potion of ambrosia
 B - a potion of heal wounds
Books
 c - a book of Misfortune

   Spells                             Type                      Level
   a - Confusing Touch                Hexes                        1
   b - Confuse                        Hexes                        3
   c - Gell's Gravitas                Hexes/Translocation          3
   d - Petrify                        Transmutation/Earth          4
   e - Metabolic Englaciation         Hexes/Ice                    5
   f - Yara's Violent Unravelling     Hexes/Transmutation          5
 t - a book of Battle

   Spells                             Type                      Level
   a - Infusion                       Charms                       1
   b - Shroud of Golubria             Charms/Translocation         2
   c - Song of Slaying                Charms                       2
   d - Spectral Weapon                Hexes/Charms                 3
   e - Regeneration                   Charms/Necromancy            3
Comestibles
 a - 5 bread rations
 f - 6 meat rations
 l - 5 slices of pizza


   Skills:
 - Level 3.2 Fighting
 - Level 7.0 Dodging
 - Level 1.7 Stealth
 + Level 9.0 Shields
 - Level 10.1 Unarmed Combat
 - Level 4.3 Spellcasting
 - Level 5.0 Conjurations
 + Level 4.5 Charms
 + Level 0.0 Evocations


You had 12 spell levels left.
You knew the following spells:

 Your Spells              Type           Power        Failure   Level  Hunger
b - Dazzling Spray        Conj/Hex       ##....       9%          3    ###....
c - Regeneration          Chrm/Necr      ##........   38%         3    ###....


Dungeon Overview and Level Annotations

Branches:
Dungeon (11/15)            Temple (1/1) D:6
   Lair: D:8-11         Orc: D:9-12

Altars:
Ashenzari
Cheibriados
Dithmenos
Elyvilon
Fedhas
Gozag
Hepliaklqana
Kikubaaqudgha
Makhleb
Nemelex Xobeh
Okawaru
Qazlal
Ru
Sif Muna
Trog
Uskayaw
Vehumet
Xom
Yredelemnul
Zin
The Shining One

Shops:
D:6 (   D:9 [   D:10 (*

Annotations:
D:11 exclusion: obsidian statue


Innate Abilities, Weirdness & Mutations

((You can spit globs of acid.))
((You are resistant to acid.))
((Your golden yellow scales are hard. (AC +7)))
You cannot fit into any form of body armour.
((You are cold-blooded and may be slowed by cold attacks.))
((You have a pair of small horns on your head.))
((Your tail ends in a poisonous barb.))
You tend to lose your temper in combat.
You are clumsy. (Dex -2)
Your body sometimes deteriorates upon taking damage.
You are dopey. (Int -2)
Your spells are a little harder to cast, but a little more powerful.


Message History

You slash the death yak! You barely miss the yak.
You block the orc wizard's attack. The yak gores you but does no damage.
The death yak gores you!
* * * LOW HITPOINT WARNING * * *
The death yak gores you!
* * * LOW HITPOINT WARNING * * *
The death yak gores you but does no damage.
The bullfrog releases a deep croak.
You block the orc wizard's attack. The yak gores you but does no damage.
The death yak gores you!
* * * LOW HITPOINT WARNING * * *
You slash the death yak!
The death yak is moderately wounded.
You barely miss the orc wizard. You barely miss the death yak.
You hit the death yak but do no damage. You slash the yak!
The orc wizard hits you but does no damage.
The death yak gores you!
* * * LOW HITPOINT WARNING * * *
The death yak gores you.
You die...

## .... .##
...#8.8#o.# .....#.
#.#8...8#.# .?.....
#.8..?..8.##......
#...?8$.........#
..8..%..8.§.....
#.#8...8#.§F..# #
...#8#8#..YYo.#....
# .......oY♣YY.....
## ####.####..####
.# ## .# .#


You could see 3 death yaks, 2 yaks, a bullfrog, an orc wizard and an orc.

Vanquished Creatures
  The ghost of Enish the Blocker, a novice HuAr of Okawaru (D:5)
  An unseen horror (D:7)
  2 hill giants (D:10)
  A gargoyle (D:10)
  Psyche (D:8)
  A troll (D:10)
  Grinder (D:3)
  4 wyverns
  4 yaks (D:10)
  A human (D:7)
  4 hogs (D:7)
  Edmund (D:6)
  Duvessa (D:5)
  3 orc warriors
  A black bear (D:9)
  2 sky beasts (D:7)
  2 phantoms
  5 ogres
  5 centaurs
  2 big kobolds
  5 bullfrogs
  A wyvern zombie (D:10)
  Dowan (D:5)
  3 scorpions
  A wyvern skeleton (D:6)
  3 howler monkeys
  2 crimson imps
  2 centaur zombies
  A centaur skeleton (D:5)
  5 orc priests
  5 hounds
  2 orc wizards (D:6)
  3 bullfrog skeletons
  Terence (D:2)
  2 iguanas (D:8)
  5 worker ants
  A hound skeleton (D:6)
  2 worker ant zombies
  4 gnolls (D:4)
  11 adders
  An ooze (D:5)
  An adder zombie (D:7)
  4 worms
  3 dart slugs (D:1)
  3 leopard geckos
  17 orcs
  7 giant cockroaches
  8 goblins
  14 hobgoblins
  9 jackals
  7 quokkas
  2 ball pythons (D:2)
  A ball python skeleton (D:4)
  18 bats
  4 frilled lizards
  20 kobolds
  14 rats
236 creatures vanquished.

Notes
Turn   | Place    | Note
-------+----------+-------------------------------------------
     0 | D:1      | KristoblXynda the Draconian Monk began the quest for the Orb.
     0 | D:1      | Reached XP level 1. HP: 19/19 MP: 1/1
   108 | D:1      | Reached XP level 2. HP: 21/26 MP: 2/2
   494 | D:1      | Reached XP level 3. HP: 31/31 MP: 3/3
   529 | D:1      | Upgraded the game from 0.20-a0-269-g17f5411 to 0.20-a0-270-g8e735b6
   648 | D:2      | Reached skill level 4 in Unarmed Combat
   720 | D:2      | Noticed Terence
   761 | D:2      | Killed Terence
  1149 | D:2      | Reached XP level 4. HP: 38/38 MP: 4/4
  1542 | D:2      | Found a sparkling altar of Nemelex Xobeh.
  1984 | D:3      | Noticed Grinder
  2000 | D:3      | Paralysed by Grinder for 5 turns
  2029 | D:3      | Killed Grinder
  2029 | D:3      | Reached skill level 6 in Unarmed Combat
  2029 | D:3      | Reached XP level 5. HP: 12/45 MP: 5/5
  2029 | D:3      | Reached XP level 6. HP: 14/51 MP: 6/6
  2624 | D:3      | Noticed a moth of wrath
  2626 | D:3      | Found a bloodstained altar of Trog.
  3158 | D:4      | Your scales start taking on a golden yellow colour.
  3158 | D:4      | Reached XP level 7. HP: 22/57 MP: 7/7
  3402 | D:4      | Found a hazy altar of Hepliaklqana.
  3738 | D:5      | Entered Level 5 of the Dungeon
  3945 | D:5      | Noticed Enish's ghost (novice HuAr)
  3984 | D:5      | Killed Enish's ghost
  3984 | D:5      | Reached skill level 5 in Dodging
  3984 | D:5      | Reached skill level 7 in Unarmed Combat
  3984 | D:5      | Reached XP level 8. HP: 27/63 MP: 8/8
  4241 | D:5      | Reached skill level 8 in Unarmed Combat
  4268 | D:5      | Noticed Duvessa
  4268 | D:5      | Noticed Dowan
  4298 | D:5      | Killed Duvessa
  4307 | D:5      | Killed Dowan
  5071 | D:6      | Found an ancient bone altar of Kikubaaqudgha.
  5135 | D:6      | Noticed Edmund
  5163 | D:6      | Killed Edmund
  5163 | D:6      | Reached skill level 5 in Shields
  5163 | D:6      | Reached XP level 9. HP: 54/70 MP: 9/9
  5195 | D:6      | Found a staircase to the Ecumenical Temple.
  5201 | Temple   | Entered the Ecumenical Temple
  5338 | Temple   | Became a worshipper of Vehumet
  5338 | Temple   | Reached * piety under Vehumet
  5338 | Temple   | Offered knowledge of Magic Dart by Vehumet.
  5338 | Temple   | Reached ** piety under Vehumet
  5343 | Temple   | Learned a level 1 spell: Magic Dart
  5399 | D:6      | Found Exeogew's Antique Weapon Boutique.
  5475 | D:6      | Offered knowledge of Sandblast by Vehumet.
  5718 | D:7      | Reached skill level 9 in Unarmed Combat
  5723 | D:7      | Gained mutation: You are dopey. (Int -2) [mutagenic meat]
  5724 | D:7      | Gained mutation: Your magical capacity is low. (-10% MP) [mutagenic meat]
  5725 | D:7      | Gained mutation: Your spells are a little harder to cast, but a little more powerful. [mutagenic meat]
  5726 | D:7      | Lost mutation: Your magical capacity is low. (-10% MP) [mutagenic meat]
  5727 | D:7      | Gained mutation: You tend to lose your temper in combat. [mutagenic meat]
  5835 | D:7      | Reached skill level 1 in Conjurations
  6053 | D:7      | Got a fine mace
  6054 | D:7      | Identified the +6 mace of the Vine {venom, rN+ MR+ Dex-2} (You found it on level 7 of the Dungeon)
  6988 | D:7      | Noticed an unseen horror
  6999 | D:7      | Killed an unseen horror
  7016 | D:8      | Offered knowledge of Dazzling Spray by Vehumet.
  7016 | D:8      | Reached XP level 10. HP: 69/77 MP: 10/10
  7031 | D:8      | Reached skill level 10 in Unarmed Combat
  7053 | D:7      | Gained mutation: You have a pair of small horns on your head. [mutagenic meat]
  7224 | D:7      | Learned a level 3 spell: Dazzling Spray
  7767 | D:8      | Learned a level 3 spell: Regeneration
  8455 | D:8      | Reached skill level 1 in Charms
  8465 | D:8      | Reached *** piety under Vehumet
  8514 | D:8      | Noticed Psyche
  8522 | D:8      | Killed Psyche
  8522 | D:8      | Reached skill level 5 in Conjurations
  8758 | D:9      | Reached skill level 1 in Spellcasting
  9070 | D:9      | Found Qijerar's Armour Shoppe.
  9078 | D:9      | Bought a +0 pair of boots for 76 gold pieces
  9078 | D:9      | Bought a +0 pair of gloves for 76 gold pieces
  9619 | D:10     | Entered Level 10 of the Dungeon
  9650 | D:10     | Found Raod's Antique Weapon Shop.
  9751 | D:10     | Noticed a hill giant
  9760 | D:10     | Killed a hill giant
 10146 | D:10     | Offered knowledge of Throw Icicle by Vehumet.
 10161 | D:10     | Noticed a gargoyle
 10164 | D:10     | Killed a gargoyle
 10406 | D:10     | Noticed a hill giant
 10428 | D:10     | Killed a hill giant
 10428 | D:10     | Reached XP level 11. HP: 67/82 MP: 16/16
 10743 | D:10     | Found Keskouc's Assorted Antiques.
 10772 | D:10     | Bought a fizzy cyan potion for 27 gold pieces
 10772 | D:10     | Bought a scroll of identify for 62 gold pieces
 10772 | D:10     | Bought a glowing inky potion for 27 gold pieces
 10773 | D:10     | Bought a scroll of identify for 62 gold pieces
 11425 | D:11     | Noticed a brown ugly thing
 11431 | D:11     | Noticed an obsidian statue
 11433 | D:11     | Noticed a death yak
 11434 | D:11     | Noticed a death yak
 11435 | D:11     | Noticed a death yak
 11436 | D:11     | Gained mutation: Your tail ends in a poisonous barb. [potion of mutation]
 11436 | D:11     | Gained mutation: Your body sometimes deteriorates upon taking damage. [potion of mutation]
 11436 | D:11     | Gained mutation: You are clumsy. (Dex -2) [potion of mutation]
 11448 | D:11     | HP: 3/123 [death yak (7)]
 11448 | D:11     | Slain by a death yak

Vault maps used:
D:1:      elethiomel_arrival_infinity_welcomes_careful_drivers,
          minmay_pentomino_u2
D:2:      lemuel_round_altar, uniq_terence
D:3:      tgw_trog, first_bread, minmay_mini_jars, uniq_grinder
D:4:      kennysheep_mini
D:5:      uniq_duvessa
D:6:      nicolae_overflow_hidden_temple, serial_shops, shop_fountains,
          uniq_edmund
D:7:      grunt_livestock
D:8:      uniq_psyche
D:9:      serial_shops, shop_fountains
D:10:     serial_shops, shop, nicolae_shop_trees
D:11:     dpeg_lair_monsters, david_orc_5, minmay_statue_bubble
Temple:   minmay_crystal_spiral_temple

Skill      XL: |  1  2  3  4  5  6  7  8  9 10 11 |
---------------+----------------------------------+-----
Dodging        | 3 4 5 6 7 |  7.0
Unarmed Combat | 4 6 7 8 9 10 | 10.1
Shields        | 3 5 7 8 9 |  9.0
Conjurations   | 4 5 |  5.0
Charms         | 4 |  4.5
Spellcasting   | 3 4 |  4.3
Fighting       | |  3.2
Stealth        | |  1.7

Action                   |  1- 3 |  4- 6 |  7- 9 | 10-12 || total
-------------------------+-------+-------+-------+-------++-------
Melee: Unarmed           |   155 |   251 |   327 |   224 ||   957
       Tailslap          |    18 |    29 |    40 |    48 ||   135
       Punch             |       |     9 |     1 |       ||    10
       Headbutt          |       |       |       |    56 ||    56
       War axe           |       |       |       |    74 ||    74
 Abil: Breathe Acid      |       |       |    12 |    14 ||    26
Evoke: Wand              |       |       |     1 |     3 ||     4
  Use: Scroll            |       |     7 |    11 |    12 ||    30
       Potion            |       |     2 |     6 |     4 ||    12
 Stab: Sleeping          |     4 |    11 |     4 |     4 ||    23
       Paralysed         |       |       |       |    10 ||    10
  Eat: Chunk             |       |     6 |    13 |     4 ||    23
       Beef jerky        |       |     1 |     4 |     2 ||     7
       Pizza             |       |       |     1 |     4 ||     5
       Meat ration       |       |       |       |     1 ||     1
Armor: Skin              |    39 |    72 |    45 |    85 ||   241
Dodge: Dodged            |   114 |   176 |   129 |   199 ||   618
Block: Buckler           |       |       |    74 |   117 ||   191
